 Dungeon Crawl Stone Soup version 0.28.0 (webtiles) character file.

Game seed: 690912908358513683

3425 Duder the Basher (level 9, -7/123 HPs)
             Began as a Minotaur Berserker on Feb 7, 2022.
             Was an Elder of Trog.
             Mangled by a wyvern (18 damage)
             ... on level 8 of the Dungeon.
             The game lasted 00:21:25 (6912 turns).

Duder the Basher (Minotaur Berserker)               Turns: 6912, Time: 00:21:26

Health: -7/123     AC:  1    Str: 26    XL:     9   Next: 76%
Magic:  8/8        EV: 11    Int:  4    God:    Trog [****..]
Gold:   359        SH:  8    Dex: 10    Spells: 8/8 levels left

rFire   x . .      SeeInvis .   g - +0 whip
rCold   + . .      Faith    .   C - +0 kite shield
rNeg    . . .      Spirit   .   l - +0 scale mail
rPois   .          Reflect  .   (helmet restricted)
rElec   .          Harm     .   G - +0 cloak
rCorr   .          Rampage  .   (no gloves)
Will    +....                   (no boots)
Stlth   ..........              u - amulet of regeneration
HPRegen 1.10/turn               E - ring of ice
MPRegen 0.11/turn               f - ring of willpower

@: berserking, corroded, very quick
A: horns 2, retaliatory headbutt
a: Renounce Religion, Berserk, Trog's Hand, Brothers in Arms


You were on level 8 of the Dungeon.
You worshipped Trog.
Trog was greatly pleased with you.
You visited 1 branch of the dungeon, and saw 8 of its levels.

You collected 359 gold pieces.

Inventory:

Hand Weapons
 a - a +0 mace
 g - a +0 whip (weapon)
 r - a +2 whip of distortion
Missiles
 n - 9 boomerangs (quivered)
 o - 15 poisoned darts
 v - 162 stones
 y - 7 javelins
Armour
 b - a +0 animal skin
 l - a +0 scale mail (worn)
 C - a +0 kite shield (worn)
 G - a +0 cloak (worn)
Jewellery
 f - a ring of willpower (right hand)
 j - a ring of flight
 u - an amulet of regeneration (around neck)
 A - an amulet of reflection
 E - a ring of ice (left hand)
Wands
 x - a wand of iceblast (14)
 F - a wand of acid (13)
Scrolls
 c - 2 scrolls of fear
 e - a scroll of magic mapping
 h - 2 scrolls of fog {unknown}
 i - 2 scrolls of noise {unknown}
 k - a scroll of enchant weapon
 q - 3 scrolls of vulnerability {unknown}
 t - 2 scrolls of enchant armour {unknown}
 w - 2 scrolls of blinking {unknown}
 z - 2 scrolls of teleportation {unknown}
Potions
 d - 3 potions of curing
 m - 4 potions of mutation
 p - 2 potions of lignification
 s - 2 potions of heal wounds
 B - a potion of brilliance


   Skills:
 + Level 8.9 Fighting
 + Level 8.9 Maces & Flails
 + Level 8.5 Armour
 + Level 7.8 Dodging
 + Level 3.2 Shields


You had 8 spell levels left.
You didn't know any spells.
Your spell library contained the following spells:

 Spells                   Type           Power      Damage    Failure   Level
 Magic Dart               Conj           0%         1d3       98%         1
 Slow                     Hex            0%         N/A       98%         1
 Call Imp                 Summ           0%         N/A       99%         2
 Confusing Touch          Hex            0%         N/A       100%        3
 Mephitic Cloud           Conj/Pois/Air  0%         N/A       100%        3
 Ozocubu's Armour         Ice            0%         N/A       100%        3
 Vampiric Draining        Necr           0%         2d6       100%        3
 Metabolic Englaciation   Hex/Ice        0%         N/A       100%        5
 Simulacrum               Ice/Necr       0%         N/A       100%        6


Dungeon Overview and Level Annotations

Branches:
Dungeon (8/15)             Temple (0/1) D:6
   Lair: D:8-11

Altars:
Kikubaaqudgha


Innate Abilities, Weirdness & Mutations

You have a pair of horns on your head.
You reflexively headbutt those who attack you in melee.


Message History

You hit the acid dragon. You headbutt the acid dragon.
The acid dragon is heavily wounded.
The wyvern bites you but does no damage.
The acid dragon closely misses you. The acid dragon barely misses you.
A red film seems to cover your vision as you go berserk!
You feel yourself moving faster!
You feel mighty! You block the wyvern's attack. The acid dragon bites you.
You block the acid dragon's attack. The wyvern bites you.
You hit the acid dragon.
The acid dragon is severely wounded.
You barely miss the acid dragon.
The acid dragon is severely wounded.
The wyvern bites you! The acid dragon closely misses you.
The acid dragon misses you.
You hit the acid dragon. Your headbutt misses the acid dragon.
The acid dragon is severely wounded.
The wyvern bites you.
You closely miss the acid dragon.
The acid dragon is severely wounded.
The acid dragon bites you but does no damage.
You block the acid dragon's attack. The wyvern bites you.
* * * LOW HITPOINT WARNING * * *
You hit the acid dragon.
The acid dragon is severely wounded.
The wyvern completely misses you. The acid dragon spits acid at you.
The splash of acid hits you!
* * * LOW HITPOINT WARNING * * *
The acid corrodes you!
You whack the acid dragon!
You kill the acid dragon!
Trog accepts your kill.
The acid dragon scales are intact enough to wear.
The wyvern bites you!
* * * LOW HITPOINT WARNING * * *
You hit the wyvern but do no damage. You hit the wyvern.
The wyvern is moderately wounded.
The wyvern bites you!!
You die...

#........#
##..##..## #..
#...# ....
+...# ....
#..## .## #..#
#..# +..# .
#.@# ...
#[l##.....
#.........
#.........
...........
.............
#..##..##.....
#+# #..# .....
.... .....


You could see a wyvern.

Vanquished Creatures
  An unseen horror (D:7)
  Sigmund (D:3)
  4 yaks
  An acid dragon (D:8)
  Duvessa (D:5)
  A sky beast (D:6)
  A black bear (D:6)
  3 ogres
  3 phantoms
  A kobold brigand (D:7)
  A gnoll sergeant (D:5)
  4 scorpions
  A wyvern zombie (D:8)
  Dowan (D:5)
  3 killer bees (D:7)
  A howler monkey (D:5)
  A bullfrog zombie (D:6)
  A hound (D:5)
  2 centaur zombies
  Crazy Yiuf (D:7)
  2 orc priests
  3 bullfrog skeletons
  2 iguanas
  A centaur skeleton (D:5)
  8 orc wizards
  A hound zombie (D:5)
  A howler monkey zombie (D:8)
  A howler monkey skeleton (D:6)
  10 gnolls
  4 adders
  A shadow imp (D:6)
  2 white imps
  An ufetubus (D:4)
  3 worms
  A dart slug (D:1)
  26 orcs
  5 ball pythons
  4 bats
  8 endoplasms
  4 giant cockroaches
  15 goblins
  6 hobgoblins
  4 jackals (D:1)
  10 kobolds
  4 quokkas
  4 frilled lizards
  3 rats
167 creatures vanquished.

Vanquished Creatures (others)
  8 plants (D:1)
8 creatures vanquished.

Grand Total: 175 creatures vanquished

Notes
Turn   | Place    | Note
-------+----------+-------------------------------------------
     0 | D:1      | Duder the Minotaur Berserker began the quest for the Orb.
     0 | D:1      | Reached XP level 1. HP: 19/19 MP: 0/0
    40 | D:1      | Reached XP level 2. HP: 27/27 MP: 1/1
   641 | D:1      | Reached XP level 3. HP: 30/33 MP: 2/2
  1277 | D:2      | Noticed a scorpion
  1282 | D:2      | Killed a scorpion
  1283 | D:2      | Reached XP level 4. HP: 31/41 MP: 3/3
  1600 | D:2      | Reached ** piety under Trog
  2188 | D:3      | Reached XP level 5. HP: 32/47 MP: 4/4
  2381 | D:3      | Noticed Sigmund
  2406 | D:3      | Killed Sigmund
  2407 | D:3      | Reached skill level 5 in Fighting
  2407 | D:3      | Reached skill level 5 in Maces & Flails
  2407 | D:3      | Reached XP level 6. HP: 56/56 MP: 5/5
  3728 | D:4      | Reached skill level 5 in Armour
  3728 | D:4      | Reached XP level 7. HP: 28/62 MP: 6/6
  4104 | D:4      | Noticed a yak
  4125 | D:4      | Killed a yak
  4126 | D:4      | Reached skill level 5 in Dodging
  4137 | D:4      | Noticed a yak
  4138 | D:4      | Noticed a yak
  4138 | D:4      | Noticed a yak
  4170 | D:3      | Killed a yak
  4310 | D:4      | Killed a yak
  4311 | D:4      | Reached XP level 8. HP: 71/71 MP: 7/7
  4434 | D:5      | Entered Level 5 of the Dungeon
  4501 | D:5      | Noticed Duvessa
  4502 | D:5      | Noticed Dowan
  4516 | D:5      | Killed Duvessa
  4525 | D:5      | Killed Dowan
  4748 | D:5      | Reached *** piety under Trog
  4982 | D:5      | Reached XP level 9. HP: 80/81 MP: 8/8
  5647 | D:6      | Identified the +2 long sword "Death Rattle" {spect, Fragile
                  | rC+ rN+ rCorr}
  5790 | D:6      | Found a staircase to the Ecumenical Temple.
  5957 | D:7      | Reached skill level 1 in Shields
  6153 | D:7      | Killed an unseen horror
  6355 | D:7      | Found a runed translucent door.
  6356 | D:7      | Noticed Crazy Yiuf
  6362 | D:7      | Killed Crazy Yiuf
  6620 | D:7      | Reached **** piety under Trog
  6744 | D:7      | Found an ancient bone altar of Kikubaaqudgha.
  6912 | D:8      | Mangled by a wyvern

Illustrated notes

Levels and vault maps discovered:
D:1:      amcnicky_arrival_choice, layout_basic, minmay_misc_feat_encased,
          minivault_23, hangedman_decor_push, chequers_big_river
D:2:      layout_rooms
D:3:      layout_loops_corners, uniq_sigmund
D:4:      layout_rooms
D:5:      wad_crossroads, layout_basic, uniq_duvessa
D:6:      hellmonk_warped_wall, layout_basic, minmay_temple_entry_tees
D:7:      layout_loops_cross, general_overflow_altar, uniq_crazy_yiuf_cottage
D:8:      layout_gridville, minivault_26, uniq_maggie

Skill      XL: |  1  2  3  4  5  6  7  8  9 |
---------------+----------------------------+-----
Maces & Flails | 4 5 6 7 8 |  8.9
Fighting       | 4 5 6 7 8 |  8.9
Armour         | 3 4 5 6 7 8 |  8.5
Dodging        | 3 4 5 6 7 |  7.8
Shields        | 3 |  3.2

Action                   |  1- 3 |  4- 6 |  7- 9 || total
-------------------------+-------+-------+-------++-------
Melee: Mace              |    33 |       |       ||    33
       Headbutt          |    15 |    27 |    74 ||   116
       Whip              |    45 |   144 |   391 ||   580
       Punch             |       |     4 |     2 ||     6
Throw: Boomerang         |       |     3 |     7 ||    10
Invok: Berserk           |     2 |     2 |     3 ||     7
       Trog's Hand       |       |     1 |     5 ||     6
  Use: Scroll            |       |       |     9 ||     9
 Stab: Sleeping          |     2 |     1 |       ||     3
Armor: Animal skin       |    16 |     6 |       ||    22
       Scale mail        |       |    31 |   139 ||   170
Dodge: Dodged            |    46 |    59 |   159 ||   264
Block: Kite shield       |       |       |    33 ||    33
